 Dungeon Crawl Stone Soup version 0.29.0-13-gc9e81de378 (webtiles) character file.

Game seed: 16713044804133725067

68 benadryl the Trooper (level 4, -3/37 HPs)
             Began as a Formicid Abyssal Knight on Sept 9, 2022.
             Was a Priest of Lugonu.
             Slain by Sigmund
             ... wielding a +0 scythe
              (8 damage)
             ... on level 4 of the Dungeon.
             The game lasted 00:03:51 (2555 turns).

benadryl the Trooper (Formicid Abyssal Knight)      Turns: 2555, Time: 00:03:52

Health: -3/37      AC:  9    Str: 20    XL:     4   Next: 41%
Magic:  5/5        EV: 10    Int:  9    God:    Lugonu [***...]
Gold:   43         SH:  0    Dex: 14    Spells: 3/3 levels left

rFire   . . .      SeeInvis +   i - +0 executioner's axe
rCold   . . .      Faith    .   (no shield)
rNeg    . . .      Spirit   .   t - +4 ring mail
rPois   .          Reflect  .   (helmet unavailable)
rElec   .          Harm     .   (no cloak)
rCorr   .          Rampage  .   (no gloves)
Will    .....                   (no boots)
Stlth   +.........              (no amulet)
HPRegen 0.12/turn               (no ring)
MPRegen 0.09/turn               (no ring)

@: no status effects
A: permanent stasis, dig shafts and tunnels, antennae 3, four strong arms
a: Dig, Shaft Self, Renounce Religion, Depart the Abyss, Bend Space, Banish


You were on level 4 of the Dungeon.
You worshipped Lugonu.
Lugonu was most pleased with you.
You visited 1 branch of the dungeon, and saw 4 of its levels.
You visited the Abyss 1 time.

You collected 43 gold pieces.

Inventory:

Hand Weapons
 a - a +1 hand axe
 i - a +0 executioner's axe (weapon)
Armour
 m - +0 ice dragon scales
 t - a +4 ring mail (worn)
Wands
 g - a wand of flame (15)
Scrolls
 b - 2 scrolls of magic mapping
 c - a scroll of immolation {unknown}
 f - a scroll of fog {unknown}
 h - a scroll of silence
 j - 2 scrolls of summoning {unknown}
 l - a scroll of torment
 p - 2 scrolls of amnesia {unknown}
Potions
 d - 2 potions of magic
 e - 5 potions of mutation
 k - 2 potions of curing {unknown}
 n - a potion of berserk rage {unknown}
 o - 4 potions of ambrosia
 q - a potion of lignification {unknown}
 r - a potion of degeneration {unknown}
 s - a potion of might {unknown}


   Skills:
 + Level 4.1 Fighting
 * Level 3.7 Axes
 - Level 2.1 Armour
 - Level 0.8 Dodging
 - Level 2.1 Invocations


You had 3 spell levels left.
You didn't know any spells.
Your spell library was empty.

Dungeon Overview and Level Annotations

Branches:
Dungeon (4/15)
 Temple: D:4-7

Altars:
Dithmenos

Annotations:
D:4 Sigmund


Innate Abilities, Weirdness & Mutations

You cannot be hasted, slowed, berserked, paralysed or teleported.
You can dig through walls and to a lower floor.
You have a pair of large antennae on your head. (SInv)
Your four strong arms can wield two-handed weapons with a shield.


Message History

Sigmund is heavily wounded.
The hobgoblin barely misses you.
A kobold comes into view. It is wielding a +0 club.
Sigmund hits you but does no damage.
You closely miss Sigmund.
Sigmund is heavily wounded.
You barely miss the hobgoblin.
The hobgoblin hits you but does no damage.
Sigmund hits you with a +0 scythe!
The hobgoblin hits you but does no damage.
The hobgoblin hits you.
You barely miss Sigmund.
Sigmund is heavily wounded.
You slash the hobgoblin!
You kill the hobgoblin!
Lugonu accepts your kill.
You slash the hobgoblin!
You kill the hobgoblin!
Lugonu accepts your kill. Sigmund hits you with a +0 scythe!
The kobold throws a stone.
The stone closely misses you.
You slash Sigmund!
Sigmund is almost dead.
Sigmund hits you with a +0 scythe.
The kobold throws a stone.
The stone hits you but does no damage.
You closely miss Sigmund.
Sigmund is almost dead.
Sigmund hits you with a +0 scythe!
* * * LOW HITPOINT WARNING * * *
Sigmund points at you and mumbles some strange words.
The magic dart hits you but does no damage.
You hit Sigmund but do no damage.
Sigmund is almost dead.
The kobold throws a stone.
The stone closely misses you. Sigmund barely misses you.
The kobold throws a stone.
The stone hits you but does no damage.
You closely miss Sigmund.
Sigmund is almost dead.
Sigmund hits you with a +0 scythe!
You die...

*,**,* *,*#....>.# *,,**,,*****
,,**,***,*#.#.#### *,,,,,,,,,,,
*,,,,,,,,,,,#)########,,,*,,*****
*,**,***,***#.........,,,*,,*****
,,**,* #.####..##.#.#*,,,,,,,,,,,
,,,,,* #.......#*.#,***,,,*******
****** #######.#*.#,*#..*,*****
#.##@#.....,,,,,,***
#..@†K....#+*,,,,**,
####.##...#,*,,,,**,
*...,**#,***,,**,
*.#.)+,,∩,,+,,**,
*.##.#**,***,,**,
*.#*...*,*,,,,**,
*.#*,..#+*,,,***, *.#*,,..,,,,,*
** *,******,,****


You could see Sigmund and a kobold.

Vanquished Creatures
  An adder (D:2)
  A worm (D:3)
  2 dart slugs (D:1)
  5 endoplasms
  2 giant cockroaches
  2 goblins
  10 hobgoblins
  6 kobolds
  A quokka (D:2)
  4 ball pythons
  7 bats
  3 frilled lizards
  5 rats
49 creatures vanquished.

Notes
Turn   | Place    | Note
-------+----------+-------------------------------------------
     0 | Abyss:1  | benadryl the Formicid Abyssal Knight began the quest for
                  | the Orb.
     0 | Abyss:1  | Reached XP level 1. HP: 18/18 MP: 2/2
    10 | D:1      | Escaped the Abyss
   200 | D:1      | Reached XP level 2. HP: 13/24 MP: 3/3
   568 | D:1      | Found a faded altar of an unknown god.
   761 | D:1      | Reached XP level 3. HP: 29/30 MP: 4/4
   936 | D:1      | Reached *** piety under Lugonu
  1135 | D:2      | Found a shadowy altar of Dithmenos.
  1398 | D:2      | Reached XP level 4. HP: 37/37 MP: 5/5
  1760 | D:2      | Reached skill level 4 in Fighting
  2485 | D:3      | You fall into a shaft and drop 1 floor!
  2544 | D:4      | Noticed Sigmund
  2555 | D:4      | Slain by Sigmund

Illustrated notes

Levels and vault maps discovered:
D:1:      wander_arrival_lonely_grave, layout_rooms,
          hellmonk_ecumenical_altar_lost_god, kennysheep_minor_cross
D:2:      layout_basic, basic_altar, minmay_crystal_water,
          kennysheep_generic_room_4
D:3:      minmay_razor_zed, layout_basic
D:4:      layout_loops_cross, nicolae_ossuary_entry_plus, uniq_sigmund,
          uniq_grinder, uniq_crazy_yiuf_cottage, uniq_eustachio

Skill      XL: |  1  2  3  4 |
---------------+-------------+-----
Axes           | 3 |  3.7
Fighting       | 4 |  4.1
Armour         | |  2.1
Dodging        | |  0.8
Invocations    | |  2.1

Action                   |  1- 3 |  4- 6 || total
-------------------------+-------+-------++-------
Melee: Hand axe          |    39 |       ||    39
       Executioner's axe |    54 |    40 ||    94
       Punch             |     2 |       ||     2
 Abil: Dig               |       |     1 ||     1
  Use: Potion            |     1 |       ||     1
       Scroll            |       |     7 ||     7
Armor: Leather armour    |    35 |    15 ||    50
       Ring mail         |       |    23 ||    23
Dodge: Dodged            |    70 |    38 ||   108
